 Dungeon Crawl Stone Soup version 0.30-a0-802-gb92711bcdf (webtiles) character file.

Game seed: 16459595806986980641

154 cforsyth the Sneak (level 5, 0/32 HPs)
             Began as a Kobold Brigand on Feb 25, 2023.
             Slain by an orc
             ... wielding a +0 club
              (5 damage)
             ... on level 4 of the Dungeon.
             The game lasted 00:03:07 (2531 turns).

cforsyth the Sneak (Kobold Brigand)                 Turns: 2531, Time: 00:03:08

Health: 0/32       AC:  3    Str:  8    XL:     5   Next: 62%
Magic:  5/5        EV: 15    Int: 13    God:
Gold:   180        SH:  0    Dex: 18    Spells: 4/4 levels left

rFire   . . .      SeeInvis .    a - +2 dagger
rCold   . . .      Faith    .    (no shield)
rNeg    . . .      Spirit   .    b - +0 robe
rPois   .          Reflect  .    (no helmet)
rElec   .          Harm     .    c - +0 cloak
rCorr   +          Rampage  .    (no gloves)
Will    .....                    (no boots)
Stlth   ++++                     (no amulet)
HPRegen 0.25/turn                h - ring of resist corrosion
MPRegen 0.09/turn                (no ring)

@: no status effects
A: small, no large weapons, nightstalker 3
a: no special abilities


You were on level 4 of the Dungeon.
You visited 1 branch of the dungeon, and saw 4 of its levels.

You collected 180 gold pieces.

Inventory:

Hand Weapons
 a - a +2 dagger (weapon)
Missiles
 d - 18 poisoned darts (quivered)
 e - 3 curare-tipped darts
 m - 2 throwing nets
Armour
 b - a +0 robe (worn)
 c - a +0 cloak (worn)
Jewellery
 h - a ring of resist corrosion (left hand)
Scrolls
 f - a scroll of noise {unknown}
 i - a scroll of enchant weapon {unknown}
 k - 3 scrolls of poison {unknown}
 l - a scroll of blinking {unknown}
 n - a scroll of amnesia {unknown}
 p - 2 scrolls of identify {unknown}
 r - a scroll of teleportation {unknown}
 v - a scroll of fog {unknown}
Potions
 g - a potion of lignification {unknown}
 j - a potion of attraction {unknown}
 o - a potion of flight {unknown}
 q - a potion of brilliance {unknown}
 s - 2 potions of ambrosia {unknown}
 t - 2 potions of curing {unknown}
 u - a potion of invisibility {unknown}


   Skills:
 + Level 3.5 Fighting
 + Level 4.2 Short Blades
 - Level 2.1 Throwing
 + Level 3.0 Dodging
 + Level 6.4 Stealth


You had 4 spell levels left.
You didn't know any spells.
Your spell library was empty.

Dungeon Overview and Level Annotations

Branches:
Dungeon (4/15)
 Temple: D:4-7

Altars:
Cheibriados

Shops:
D:2 ((([

Annotations:
D:3 1 runed translucent door, Crazy Yiuf


Innate Abilities, Weirdness & Mutations

You are small and have problems with some larger weapons.
You are completely attuned to the shadows.


Message History

The orc hits you with a +0 dagger. The orc misses you.
You closely miss the orc.
The orc is moderately wounded.
The orc hits you but does no damage. The orc closely misses you.
You hit the orc but do no damage.
The orc is moderately wounded.
The orc barely misses you. The orc hits you but does no damage.
You barely miss the orc.
The orc is moderately wounded.
The orc closely misses you. The orc barely misses you.
You hit the orc but do no damage.
The orc is moderately wounded.
You hit the orc but do no damage.
The orc is moderately wounded.
The orc hits you with a +0 dagger. The orc completely misses you.
You hit the orc but do no damage.
The orc is moderately wounded.
The orc hits you with a +0 dagger. The orc closely misses you.
You hit the orc but do no damage.
The orc is moderately wounded.
The orc hits you with a +0 dagger. The orc closely misses you.
You hit the orc but do no damage.
The orc is moderately wounded.
The orc hits you with a +0 dagger. The orc hits you but does no damage.
You hit the orc but do no damage.
The orc is moderately wounded.
You hit the orc but do no damage.
The orc is moderately wounded.
The orc closely misses you.
The orc priest calls down the wrath of Beogh upon you.
Beogh smites you!
* * * LOW HITPOINT WARNING * * *
The orc misses you.
You are too injured to fight recklessly!
You are too injured to fight recklessly!
You are too injured to fight recklessly!
The orc attacks as you move away! The orc hits you with a +0 dagger.
* * * LOW HITPOINT WARNING * * *
The orc attacks as you move away! The orc hits you with a +0 club.
You die...

.
#..##.##
#......#
#......#
#..###.#
.. #.#
#.####
#....#
####)#
#@#
#.ooo#
#.#### #


You could see an orc priest and 2 orcs.

Vanquished Creatures
  A hound (D:3)
  Jessica (D:2)
  2 adders
  A worm (D:2)
  A dart slug (D:1)
  2 orcs (D:4)
  8 ball pythons
  6 endoplasms
  7 giant cockroaches
  4 hobgoblins
  3 jackals (D:1)
  8 kobolds
  A quokka (D:2)
  9 bats
  A frilled lizard (D:3)
  5 goblins
  8 rats
68 creatures vanquished.

Vanquished Creatures (others)
  A fungus (D:3)
1 creature vanquished.

Grand Total: 69 creatures vanquished

Notes
Turn   | Place    | Note
-------+----------+-------------------------------------------
     0 | D:1      | cforsyth the Kobold Brigand began the quest for the Orb.
     0 | D:1      | Reached XP level 1. HP: 12/12 MP: 1/1
    98 | D:1      | Reached XP level 2. HP: 18/18 MP: 2/2
   378 | D:1      | Reached XP level 3. HP: 21/22 MP: 3/3
  1208 | D:2      | Found Yptucidu's Book Emporium.
  1239 | D:2      | Reached XP level 4. HP: 27/27 MP: 4/4
  1248 | D:2      | Found Gyexiema's Antique Weapon Boutique.
  1281 | D:2      | Found Taurhega's Antique Weapon Shoppe.
  1289 | D:2      | Found Cago Uro's Antique Armour Shop.
  1458 | D:2      | Found Butuk's Antique Weapon Shoppe.
  1502 | D:2      | Reached skill level 6 in Stealth
  1526 | D:2      | Noticed Jessica
  1530 | D:2      | Killed Jessica
  1742 | D:3      | Found a runed translucent door.
  1745 | D:3      | Noticed Crazy Yiuf
  1855 | D:3      | Reached XP level 5. HP: 31/32 MP: 5/5
  1860 | D:3      | Found a snail-covered altar of Cheibriados.
  2531 | D:4      | Slain by an orc

Illustrated notes

Levels and vault maps discovered:
D:1:      minmay_arrival_glassed_features, layout_basic
D:2:      layout_rooms, serial_shops, nicolae_shop_overgrown_old_shop,
          shop_fountains, nicolae_shop_crystal, nicolae_shop_waterfront,
          nicolae_shop_temple_entry_statues_fountains, minmay_3d_cube,
          uniq_jessica
D:3:      layout_rooms, cheibriados_altar_1, serial_corexii_hall,
          corexii_hall_statues_t, corexii_hall_statues_x,
          chequers_hall_statues_wall_a, corexii_hall_statues_x,
          uniq_crazy_yiuf_cottage
D:4:      black_bear_nest_1, layout_basic, uniq_sigmund, uniq_grinder

Skill      XL: |  1  2  3  4  5 |
---------------+----------------+-----
Short Blades   | 3 4 |  4.2
Dodging        | 2 3 |  3.0
Fighting       | 3 |  3.5
Stealth        | 6 |  6.4
Throwing       | |  2.1

Action                     |  1- 3 |  4- 6 || total
---------------------------+-------+-------++-------
  Melee: Dagger            |    91 |    83 ||   174
         Punch             |     2 |       ||     2
   Stab: Sleeping          |    15 |    18 ||    33
 Armour: Robe              |    16 |    15 ||    31
  Dodge: Dodged            |    57 |    52 ||   109

Table legend: (Time is in decaauts)
 A = Elapsed time spent in this place.
 B = Non-inter-level travel time spent in this place.
 C = Inter-level travel time spent in this place.
 D = Time resting spent in this place.
 E = Time spent auto-exploring this place.
 F = Levels seen in this place.
 G = Mean time per level.
                   A        B        C        D        E       F      G
               +--------+--------+--------+--------+--------+-----+--------+
         Total |   2499 |   2442 |     57 |      0 |   2067 |   4 |  624.8 |
       Dungeon |   2499 |   2442 |     57 |      0 |   2067 |   4 |  624.8 |
               +--------+--------+--------+--------+--------+-----+--------+

Top non-repeatable levels by time:
     D:1: 1068 daAuts
     D:3: 791 daAuts
     D:2: 576 daAuts
     D:4: 64 daAuts
